 Dungeon Crawl Stone Soup version 0.31.0-9-g3a7656b989 (webtiles) character file.

Game seed: 13000121104521098781

62 qw the Shooter (level 3, -1/18 HPs)
             Began as a Spriggan Hunter on Feb 2, 2024.
             Slain by Terence
             ... wielding a +0 flail
              (11 damage)
             ... on level 2 of the Dungeon.
             The game lasted 00:00:04 (1632 turns).

qw the Shooter (Spriggan Hunter)                    Turns: 1632, Time: 00:00:05

Health: -1/18      AC:  2    Str:  7    XL:     3   Next: 85%
Magic:  4/4        EV: 19    Int: 10    God:
Gold:   144        SH:  0    Dex: 20    Spells: 2/2 levels left

rFire   . . .        a - +2 shortbow
rCold   . . .        (shield currently unavailable)
rNeg    . . .        c - +0 robe
rPois   .            (helmet restricted)
rElec   .            (no cloak)
rCorr   .            (gloves unavailable)
SInv    +            (boots unavailable)
Will    .....        (no amulet)
Stlth   ++           (no ring)
HPRegen 0.23/turn    (no ring)
MPRegen 0.09/turn

%: no passive effects
@: very quick
A: very small, no large weapons, unfitting armour, see invisible, speed 3
a: no special abilities


You were on level 2 of the Dungeon.
You visited 1 branch of the dungeon, and saw 2 of its levels.

You collected 144 gold pieces.


Innate Abilities, Weirdness & Mutations

You are very small and have problems with some larger weapons.
You are too small for most types of armour.
You have supernaturally acute eyesight. (SInv)
You cover ground extremely quickly. (Speed+++)


   Skills:
 - Level 1.5 Fighting
 - Level 5.0 Ranged Weapons
 + Level 4.0 Dodging
 - Level 1.5 Stealth


You had 2 spell levels left.
You didn't know any spells.
Your spell library was empty.

Inventory:

Hand Weapons
 a - a +2 shortbow (weapon)
Armour
 c - a +0 robe (worn)
Scrolls
 b - a scroll of silence {unknown}
 d - a scroll of revelation {unknown}
Potions
 e - a potion of curing
 g - 2 potions of heal wounds

Dungeon Overview and Level Annotations

Branches:
Dungeon (2/15)

Altars:

Annotations:
D:2 Terence


Message History

You shoot an arrow. The arrow hits the endoplasm.
The endoplasm is heavily wounded.
You shoot an arrow. The arrow hits the endoplasm.
You kill the endoplasm!
Found a stone staircase leading down.
A ball python and a dart slug come into view.
You see here 8 gold pieces.
You shoot an arrow. The arrow hits the ball python.
The ball python hisses angrily.
The ball python is moderately wounded.
You shoot an arrow. The arrow hits the ball python.
You kill the ball python!
You shoot an arrow. The arrow hits the dart slug!
You kill the dart slug!
Your Ranged Weapons skill increases to level 5!
You now have 144 gold pieces (gained 8).
Terence the Incautious comes into view.
He is wielding a +0 flail.
Found a spear.
You shoot an arrow. The arrow hits Terence.
Terence is moderately wounded.
You shoot an arrow.
The arrow hits Terence but does no damage.
Terence is moderately wounded.
You shoot an arrow. The arrow closely misses Terence.
You shoot an arrow. The arrow barely misses Terence.
You shoot an arrow. The arrow hits Terence!
Terence is almost dead.
You shoot an arrow.
The arrow hits Terence but does no damage.
Terence is almost dead.
Terence hits you with a +0 flail!
You shoot an arrow.
The arrow hits Terence but does no damage.
Terence is almost dead.
Terence barely misses you. x2
You shoot an arrow. The arrow closely misses Terence.
Terence hits you with a +0 flail!
Ouch! That really hurt!
You die...
Terence says, "That felt goooood."

##.........# #.# ##
#...#...##.# #.# #.
#.....#.##.###.#####.
#...#................
##.#######.#.....####
#...# #.##...##
###...#####.###.##
#..%......>.# #.#
#..%.@..##### #.#
#....@..# #+#
###...### #...# ##..#
#... ...$ #)..


You could see Terence.

Vanquished Creatures
  2 dart slugs (D:2)
  5 ball pythons
  5 endoplasms
  2 giant cockroaches
  7 goblins
  4 hobgoblins
  6 jackals (D:1)
  5 quokkas
  3 bats
  2 frilled lizards (D:1)
  3 kobolds (D:1)
  5 rats
49 creatures vanquished.

Notes
Turn   | Place    | Note
-------+----------+-------------------------------------------
     0 | D:1      | qw the Spriggan Hunter began the quest for the Orb.
     0 | D:1      | Reached XP level 1. HP: 10/10 MP: 2/2
     0 | D:1      | 0 ||| qw: Version: 0.3-a-155-g5e7d8dd
     0 | D:1      | 0 ||| qw: Game counter: 1920
     0 | D:1      | 0 ||| qw: Melee chars always use a shield: true
     0 | D:1      | 0 ||| qw: God list: Okawaru
     0 | D:1      | 0 ||| qw: Allow faded altars: false
     0 | D:1      | 0 ||| qw: Do Orc after clearing Dungeon:15 true
     0 | D:1      | 0 ||| qw: Do second Lair branch before Depths: true
     0 | D:1      | 0 ||| qw: Lair rune preference: random
     0 | D:1      | 0 ||| qw: Goals: Normal
     0 | D:1      | 0 ||| PLANNING D:1-11
    46 | D:1      | Reached skill level 3 in Dodging
   140 | D:1      | Reached XP level 2. HP: 14/14 MP: 3/3
   473 | D:1      | Reached XP level 3. HP: 18/18 MP: 4/4
  1014 | D:1      | 1014 ||| READING 2 scrolls labelled ANYLUOLIDO.
  1014 | D:1      | 1014 ||| ENCHANTING +0 shortbow.
  1015 | D:1      | 1015 ||| READING scroll of enchant weapon.
  1015 | D:1      | 1015 ||| ENCHANTING +1 shortbow.
  1016 | D:1      | 1016 ||| READING 2 scrolls labelled DOPLOVV VAUW.
  1016 | D:1      | 1016 ||| IDENTIFYING black potion
  1017 | D:1      | 1017 ||| READING scroll of identify.
  1017 | D:1      | 1017 ||| IDENTIFYING 2 green potions
  1018 | D:1      | 1018 ||| READING scroll labelled DIURIFR XAUNA.
  1023 | D:1      | 1023 ||| READING scroll labelled EHAESIFUDY.
  1024 | D:1      | 1024 ||| DROPPING scroll of butterflies.
  1619 | D:2      | Reached skill level 5 in Ranged Weapons
  1624 | D:2      | Noticed Terence
  1632 | D:2      | Slain by Terence

Levels and vault maps discovered:
D:1:      lightli_arrival_chessboard, layout_basic,
          chequers_serial_rivers_micro_b
D:2:      layout_loops_corners, uniq_terence

Skill      XL: |  1  2  3 |
---------------+----------+-----
Dodging        | 3 4 |  4.0
Ranged Weapons | 5 |  5.0
Fighting       | |  1.5
Stealth        | |  1.5

Action                     || total
---------------------------++-------
   Fire: Shortbow          ||   139
    Use: Scroll            ||     6
 Armour: Robe              ||    13
  Dodge: Dodged            ||    34

Table legend:
 A = Non-vault XP
 B = Vault XP
 C = Vault XP percentage of total XP
 D = Non-vault monster count
 E = Vault monster count
 F = Vault count percentage of total count
                 A         B        C        D         E       F
            +---------+---------+-------+---------+---------+-------
      Total |      89 |       0 |   0.0 |      49 |       0 |   0.0
            +---------+---------+-------+---------+---------+-------
        D:1 |      63 |       0 |   0.0 |      36 |       0 |   0.0
        D:2 |      26 |       0 |   0.0 |      13 |       0 |   0.0
            +---------+---------+-------+---------+---------+-------
